 Dungeon Crawl Stone Soup version 0.30-a0-964-gd452b5e7fa (webtiles) character file.

Game seed: 16938071504089108892

14548 vishdafish the Destroyer (level 11, -13/68 HPs)
             Began as a Demonspawn Conjurer on Mar 30, 2023.
             Was an Elder of Vehumet.
             Mangled by a boulder beetle (22 damage)
             ... on level 11 of the Dungeon.
             The game lasted 00:24:06 (11546 turns).

vishdafish the Destroyer (Demonspawn Conjurer)     Turns: 11546, Time: 00:24:06

Health: -13/68     AC:  8    Str:  7    XL:     11   Next: 90%
Magic:  24/27      EV: 12    Int: 23    God:    Vehumet [****..]
Gold:   772        SH:  0    Dex: 13    Spells: 25/34 levels left

rFire   + . .      SeeInvis .    K - +0 triple sword (heavy)
rCold   . . .      Faith    .    (shield currently unavailable)
rNeg    . . .      Spirit   .    a - +0 robe
rPois   .          Reflect  .    (helmet restricted)
rElec   .          Rampage  .    c - +1 cloak
rCorr   .                        (no gloves)
Will    .....                    (no boots)
Stlth   ++                       t - amulet of magic regeneration
HPRegen 0.31/turn                (no ring)
MPRegen 0.60/turn                (no ring)

@: lethally poisoned (-13 -> -16)
A: horns 2, molten scales 3, powered by death 2, demonic magic 1
a: Renounce Religion


You were on level 11 of the Dungeon.
You worshipped Vehumet.
Vehumet was greatly pleased with you.
You visited 2 branches of the dungeon, and saw 12 of its levels.
You also visited: Bailey.

You collected 772 gold pieces.

Inventory:

Hand Weapons
 k - a +2 sling of draining
 x - the +6 scimitar of Peace {elec, Str+3}
   (You found it on level 5 of the Dungeon)

   Str:       It affects your strength (+3).
 K - a +0 heavy triple sword (weapon)
Armour
 a - a +0 robe (worn)
 c - a +1 cloak (worn)
Magical Staves
 e - a staff of death
 E - a staff of conjuration
Jewellery
 o - an amulet of reflection
 t - an amulet of magic regeneration (around neck)
 y - a ring of flight
 A - a ring of ice
Wands
 r - a wand of charming (8)
 C - a wand of roots (8)
 H - a wand of acid (2)
 M - a wand of mindburst (8)
Scrolls
 b - 2 scrolls of fear
 g - 3 scrolls of poison
 h - 4 scrolls of enchant armour
 i - 3 scrolls of immolation
 j - 4 scrolls of fog
 l - 3 scrolls of enchant weapon
 n - a scroll of noise
 p - 2 scrolls of magic mapping {unknown}
 q - 3 scrolls of blinking {unknown}
 s - 5 scrolls of identify
 w - 8 scrolls of teleportation {unknown}
 B - 2 scrolls of brand weapon {unknown}
 D - 2 scrolls of silence {unknown}
 G - 2 scrolls of acquirement {unknown}
Potions
 d - 3 potions of flight
 f - 3 potions of haste
 m - a potion of resistance
 u - 3 potions of curing
 v - a potion of ambrosia
 z - 14 potions of degeneration
 F - 2 potions of heal wounds
 I - a potion of mutation {unknown}
 J - 2 potions of berserk rage {unknown}
 L - a potion of invisibility {unknown}


   Skills:
 - Level 5.6 Ranged Weapons
 - Level 1.7 Dodging
 - Level 1.7 Stealth
 + Level 12.1 Spellcasting
 + Level 13.5 Conjurations


You had 25 spell levels left.
You knew the following spells:

 Your Spells              Type           Power      Damage    Failure   Level
a - Magic Dart            Conj           100%       1d8       0%          1
b - Fulminant Prism       Conj/Hex       22%        3d12      1%          4
c - Iskenderun's Mystic   Conj/Tloc      45%        2d10      1%          4

Your spell library contained the following spells:

 Spells                   Type           Power      Damage    Failure   Level
 Iskenderun's Battlesphe  Conj           66%        2d12      1%          5
 Foxfire                  Conj/Fire      100%       2x1d6     1%          1
 Momentum Strike          Conj/Tloc      90%        3d10      1%          2
 Searing Ray              Conj           100%       2d8       1%          2
 Static Discharge         Conj/Air       90%        2-6/arc   1%          2
 Dazzling Flash           Conj/Hex       90%        N/A       1%          3
 Arcjolt                  Conj/Air       22%        1d32      2%          5
 Fireball                 Conj/Fire      22%        3d10      2%          5
 Frozen Ramparts          Ice            26%        1d4       4%          3
 Blink                    Tloc           26%        N/A       7%          2
 Cigotuvi's Dreadful Rot  Necr/Pois/Air  26%        N/A       7%          2
 Lesser Beckoning         Tloc           26%        N/A       7%          2
 Starburst                Conj/Fire      22%        6d8       11%         6
 Portal Projectile        Hex/Tloc       26%        N/A       14%         3
 Tukima's Dance           Hex            13%        N/A       14%         3
 Vhi's Electric Charge    Tloc/Air       26%        N/A       14%         3
 Plasma Beam              Fire/Air       6%         2x1d12    30%         5
 Dispel Undead            Necr           13%        3d9       41%         4
 Ice Form                 Ice/Tmut       13%        N/A       41%         4
 Petrify                  Tmut/Erth      13%        N/A       41%         4
 Summon Ice Beast         Ice/Summ       13%        N/A       41%         4
 Summon Lightning Spire   Summ/Air       13%        N/A       41%         4
 Blade Hands              Tmut           6%         N/A       77%         5
 Metabolic Englaciation   Hex/Ice        6%         N/A       77%         5
 Death Channel            Necr           6%         N/A       100%        6
 Statue Form              Tmut/Erth      8%         N/A       100%        6
 Storm Form               Tmut/Air       6%         N/A       100%        7
 Maxwell's Capacitive Co  Air            6%         ∞         100%        8


Dungeon Overview and Level Annotations

Branches:
Dungeon (11/15)            Temple (1/1) D:5            Lair (0/5) D:11
    Orc (0/2) D:9          Bailey (visited)

Altars:
Ashenzari
Cheibriados
Dithmenos
Fedhas
Gozag
Kikubaaqudgha
Makhleb
Nemelex Xobeh
Okawaru
Qazlal
Ru
Sif Muna
Trog
Uskayaw
Vehumet
Wu Jian
Xom
Yredelemnul

Shops:
D:4 :   D:8 :

Annotations:
D:4 3 runed translucent doors, nidavellir's ghost, amateur HuFi


Innate Abilities, Weirdness & Mutations

You have a pair of horns on your head.
You are completely covered in molten scales. (AC +4, rF+)
You regenerate health from kills.
Spells you cast may paralyse adjacent enemies.


Message History

Malevolent energies surge around you.
The boulder beetle suddenly stops moving!
You feel very sick.
Unknown command.
K - a +0 heavy triple sword (weapon)
You feel sick.
The helpless boulder beetle fails to defend itself.
You slash the boulder beetle!
The boulder beetle is lightly wounded.
You feel very sick.
The boulder beetle is no longer paralysed.
The boulder beetle bites you! x2
The kobold brigand throws a poisoned dart.
The poisoned dart hits you!
You are more poisoned.
You erupt in a blast of force!
The mystic blast hits the kobold brigand!
You kill the kobold brigand!
Vehumet accepts your kill.
You feel your power returning.
The mystic blast hits the boulder beetle but does no damage.
The boulder beetle is lightly wounded.
Malevolent energies surge around you.
The boulder beetle suddenly stops moving!
You feel very sick.
The helpless boulder beetle fails to defend itself.
You hit the boulder beetle but do no damage.
You headbutt the boulder beetle, but do no damage.
The boulder beetle is lightly wounded.
You feel extremely sick.
The helpless boulder beetle fails to defend itself.
You slash the boulder beetle!
You headbutt the boulder beetle, but do no damage.
The boulder beetle is moderately wounded.
You feel very sick.
The boulder beetle is no longer paralysed.
The boulder beetle bites you. The boulder beetle bites you!
* * * LOW HITPOINT WARNING * * *
The boulder beetle bites you!!
You die...

#....####.....####
#...#.......###### #
#...#.......#..... #.
#...#...#####..... #..
#...#...#...'..... #...
#...#.^.'...##'### #.).)
#...#...#...#...#.
#.....#...#...#####...'.
#...))'@..#...#.......#.
#....)#B..#...#.......##
#.... #...#...#...#####.
#... #...#...##### #.
#.. #...#...# #. #.
#...##### #. # #.... #.
...... #####. #.....


You could see a boulder beetle.

Vanquished Creatures
  Erica (D:8)
  A centaur warrior (D:9)
  2 two-headed ogres
  A death yak (D:11)
  Pikel (D:6)
  A cyclops (D:9)
  A manticore (D:11)
  An elephant (D:11)
  Joseph (D:7)
  Maurice (D:9)
  An unseen horror (D:11)
  2 trolls
  Grinder (D:4)
  A basilisk (D:11)
  15 yaks
  A vampire mosquito (D:11)
  A steam dragon (D:6)
  2 water moccasins
  4 black bears
  17 orc warriors
  Duvessa (D:6)
  2 sky beasts
  An ogre (D:5)
  2 ice beasts
  A phantom (D:5)
  12 centaurs
  2 lemures (D:5)
  3 kobold brigands
  A gnoll sergeant (D:5)
  3 bullfrogs
  2 scorpions (D:5)
  Dowan (D:6)
  4 killer bees (D:9)
  3 howler monkeys
  A hound (D:5)
  3 jellies
  11 orc priests
  A gnoll bouda (D:4)
  An iron imp (D:8)
  A sleepcap (D:5)
  2 iguanas
  13 orc wizards
  6 gnolls
  7 adders
  2 ufetubi
  9 worms
  2 dart slugs (D:1)
  71 orcs
  8 endoplasms
  5 giant cockroaches
  5 goblins
  7 hobgoblins
  17 kobolds
  3 quokkas
  4 ball pythons
  7 bats
  2 frilled lizards
  7 rats
289 creatures vanquished.

Vanquished Creatures (collateral kills)
  A sky beast (D:6)
1 creature vanquished.

Vanquished Creatures (others)
  5 fulminant prisms
  4 plants
  4 withered plants (D:1)
13 creatures vanquished.

Grand Total: 303 creatures vanquished

Notes
Turn   | Place    | Note
-------+----------+-------------------------------------------
     0 | D:1      | vishdafish the Demonspawn Conjurer began the quest for the
                  | Orb.
     0 | D:1      | Reached XP level 1. HP: 13/13 MP: 3/3
   162 | D:1      | Found a faded altar of an unknown god.
   238 | D:1      | Gained mutation: You are partially covered in molten
                  | scales. (AC +2) [demonic ancestry]
   238 | D:1      | Reached XP level 2. HP: 16/19 MP: 0/5
  1190 | D:2      | Gained mutation: You have a pair of small horns on your
                  | head. [demonic ancestry]
  1190 | D:2      | Reached XP level 3. HP: 24/24 MP: 5/7
  1756 | D:2      | Reached skill level 1 in Ranged Weapons
  2072 | D:3      | Gained mutation: You regenerate a little health from kills.
                  | [demonic ancestry]
  2072 | D:3      | Reached XP level 4. HP: 24/30 MP: 8/8
  2675 | D:3      | Gained mutation: You are mostly covered in molten scales.
                  | (AC +3) [demonic ancestry]
  2675 | D:3      | Reached XP level 5. HP: 35/35 MP: 9/9
  2709 | D:2      | Learned a level 4 spell: Fulminant Prism
  2714 | D:2      | Learned a level 4 spell: Iskenderun's Mystic Blast
  2824 | D:4      | Found a runed translucent gate.
  2824 | D:4      | Found a runed translucent gate.
  2824 | D:4      | Found a runed translucent gate.
  3037 | D:4      | Reached XP level 6. HP: 32/41 MP: 10/10
  3119 | D:4      | Noticed Grinder
  3168 | D:4      | Killed Grinder
  3169 | D:4      | Reached skill level 5 in Ranged Weapons
  3365 | D:4      | Found Gudaikas's Self-Improvement Boutique.
  3400 | D:4      | You fall into a shaft and drop 1 floor!
  3400 | D:5      | Entered Level 5 of the Dungeon
  3712 | D:4      | Noticed nidavellir's ghost (amateur HuFi)
  4171 | D:5      | Reached skill level 5 in Conjurations
  4171 | D:5      | Gained mutation: You have a pair of horns on your head.
                  | [demonic ancestry]
  4171 | D:5      | Reached XP level 7. HP: 46/46 MP: 2/12
  4523 | D:5      | Found a staircase to the Ecumenical Temple.
  4659 | Temple   | Entered the Ecumenical Temple
  4668 | Temple   | Became a worshipper of Vehumet
  4882 | D:5      | Identified the +6 scimitar of Peace {elec, Str+3}
  5052 | D:5      | Reached skill level 6 in Conjurations
  5059 | D:5      | Gained mutation: You are completely covered in molten
                  | scales. (AC +4, rF+) [demonic ancestry]
  5059 | D:5      | Reached XP level 8. HP: 41/52 MP: 13/15
  5196 | D:6      | Noticed Pikel
  5226 | D:5      | Reached skill level 5 in Spellcasting
  5383 | D:6      | Reached skill level 7 in Conjurations
  5520 | D:6      | Killed Pikel
  5521 | D:6      | Reached skill level 8 in Conjurations
  5521 | D:6      | Gained mutation: You regenerate health from kills. [demonic
                  | ancestry]
  5521 | D:6      | Reached XP level 9. HP: 36/57 MP: 5/19
  5778 | D:6      | Noticed Dowan
  5780 | D:6      | Noticed Duvessa
  5787 | D:6      | Killed Dowan
  5793 | D:6      | Killed Duvessa
  5854 | D:6      | Reached * piety under Vehumet
  5854 | D:6      | Offered knowledge of Shock by Vehumet.
  5948 | D:6      | Identified the +0 ring mail of Levity {Dex+3}
  6005 | D:6      | Found a shadowy altar of Dithmenos.
  6005 | D:6      | Found a basalt altar of Yredelemnul.
  6507 | D:7      | Noticed Joseph
  6540 | D:7      | Killed Joseph
  6541 | D:7      | Reached skill level 9 in Conjurations
  7005 | D:8      | Found a snail-covered altar of Cheibriados.
  7171 | D:8      | Reached skill level 10 in Conjurations
  7234 | D:8      | Noticed Erica
  7243 | D:8      | Killed Erica
  7244 | D:8      | Reached XP level 10. HP: 63/63 MP: 0/22
  7283 | D:8      | Found Bumneg's Book Emporium.
  7619 | D:9      | Noticed Maurice
  7636 | D:9      | Killed Maurice
  7740 | D:9      | Offered knowledge of Kiss of Death by Vehumet.
  7867 | D:9      | Found a flagged portal.
  7871 | D:9      | Reached ** piety under Vehumet
  7885 | Bailey   | Entered a bailey
  8172 | Bailey   | Reached skill level 11 in Conjurations
  8359 | Bailey   | Offered knowledge of Poisonous Vapours by Vehumet.
  8613 | Bailey   | Reached skill level 10 in Spellcasting
  8777 | Bailey   | Reached *** piety under Vehumet
  9259 | D:9      | Noticed a centaur warrior
  9259 | D:9      | Noticed a cyclops
  9270 | D:9      | Killed a centaur warrior
  9271 | D:9      | Killed a cyclops
  9272 | D:9      | Gained mutation: Spells you cast may paralyse adjacent
                  | enemies. [demonic ancestry]
  9272 | D:9      | Reached XP level 11. HP: 68/68 MP: 2/25
  9317 | D:9      | Identified the staff of cold "Xoodaj" {rC+ Will+ Int-5
                  | Dex+2}
  9318 | D:9      | Identified the staff of fire "Ibathitu" {rF+ rC+ Will+}
  9401 | D:9      | Reached skill level 12 in Conjurations
  9403 | D:9      | Offered knowledge of Sticky Flame by Vehumet.
  9614 | D:9      | Found a staircase to the Orcish Mines.
  9890 | D:10     | Entered Level 10 of the Dungeon
  9922 | D:10     | Noticed a two-headed ogre
  9936 | D:10     | Killed a two-headed ogre
 10290 | D:10     | Noticed a fire dragon
 10771 | D:11     | Reached **** piety under Vehumet
 10862 | D:11     | Reached skill level 13 in Conjurations
 10895 | D:11     | Found a staircase to the Lair.
 10976 | D:11     | Noticed a two-headed ogre
 10987 | D:11     | Killed a two-headed ogre
 11055 | D:11     | Offered knowledge of Iskenderun's Battlesphere by Vehumet.
 11492 | D:11     | Noticed a death yak
 11506 | D:11     | Killed a death yak
 11537 | D:11     | Noticed a boulder beetle
 11546 | D:11     | Mangled by a boulder beetle

Illustrated notes

Levels and vault maps discovered:
D:1:      zelgadis_glass_arrival_small, layout_basic,
          shapermc_ecumenical_altar_flowoftime
D:2:      layout_loops_corners
D:3:      layout_basic, minmay_misc_feat_chi, minmay_misc_feat_secret_circle,
          nicolae_wormholes
D:4:      layout_loops_corners, serial_glass, glass_columns_b, glass_columns_b,
          gammafunk_ghost_icy, minmay_misc_feat_x, nicolae_shop_self_help,
          uniq_grinder
D:5:      minmay_razor_zed, layout_rooms, minmay_temple_entry_trees,
          kennysheep_boxes
D:6:      layout_rooms, nicolae_overflow_hidden_temple, uniq_duvessa, uniq_pikel
D:7:      layout_gridville, grunt_decor_junction, uniq_joseph
D:8:      layout_loops_cross, slow_altar_1, serial_shops, shop_fountains,
          uniq_erica
D:9:      layout_roguey, david_orc_4, enter_bailey_7, minmay_radiant,
          uniq_maurice
D:10:     minmay_the_grid_triangle_9x9_rhombus_thin_mashed
          [minmay_the_grid_triangle_9x9_zippers_vertical,
          minmay_the_grid_triangle_9x9_prize_top_heavy,
          minmay_the_grid_triangle_9x9_intruding_spiral,
          minmay_the_grid_triangle_9x9_longest], layout_stronghold,
          serial_shops, nicolae_shop_waterfront, uniq_nergalle
D:11:     layout_grid_maze, david_lair_generic, ebering_dispersal_statue_hall
Temple:   nicolae_temple_no_exploring_needed

Skill      XL: |  1  2  3  4  5  6  7  8  9 10 11 |
---------------+----------------------------------+-----
Ranged Weapons | 2 3 4 5 |  5.6
Spellcasting   | 3 4 6 8 10 12 | 12.1
Conjurations   | 5 6 8 10 11 13 | 13.5
Dodging        | |  1.7
Stealth        | |  1.7

Action                     |  1- 3 |  4- 6 |  7- 9 | 10-12 || total
---------------------------+-------+-------+-------+-------++-------
  Melee: Unarmed           |     9 |       |       |       ||     9
         Staff             |    40 |       |       |       ||    40
         Triple sword      |       |       |       |     3 ||     3
         Headbutt          |       |       |       |     2 ||     2
   Fire: Sling             |    43 |   245 |   299 |   461 ||  1048
  Throw: Throwing net      |       |       |     2 |       ||     2
   Cast: Magic Dart        |    29 |       |    27 |       ||    56
         Iskenderun's Myst |       |     5 |    43 |   138 ||   186
         Fulminant Prism   |       |       |     5 |       ||     5
  Evoke: Wand              |       |       |     7 |       ||     7
    Use: Potion            |       |     2 |     3 |     1 ||     6
         Scroll            |       |       |    13 |       ||    13
   Stab: Sleeping          |     1 |       |       |       ||     1
         Paralysed         |       |       |       |     3 ||     3
 Armour: Robe              |    19 |    37 |    54 |    39 ||   149
         Skin              |       |       |     1 |       ||     1
  Dodge: Dodged            |    37 |    60 |   114 |   109 ||   320

Table legend: (Time is in decaauts)
 A = Elapsed time spent in this place.
 B = Non-inter-level travel time spent in this place.
 C = Inter-level travel time spent in this place.
 D = Time resting spent in this place.
 E = Time spent auto-exploring this place.
 F = Levels seen in this place.
 G = Mean time per level.
                   A        B        C        D        E       F      G
               +--------+--------+--------+--------+--------+-----+--------+
         Total |  11737 |  11481 |    256 |    143 |   9064 |  13 |  902.8 |
       Dungeon |  10375 |  10126 |    249 |    141 |   8191 |  11 |  943.2 |
        Temple |     16 |     10 |      6 |      0 |      0 |   1 |   16.0 |
        Bailey |   1344 |   1344 |      0 |      2 |    873 |   1 | 1344.0 |
               +--------+--------+--------+--------+--------+-----+--------+

Top non-repeatable levels by time:
     D:5: 1379 daAuts
  Bailey: 1344 daAuts
    D:11: 1263 daAuts
     D:4: 1262 daAuts
     D:1: 1126 daAuts
     D:9: 1015 daAuts
     D:2: 899 daAuts
     D:3: 826 daAuts
     D:8: 768 daAuts
     D:7: 719 daAuts
     D:6: 705 daAuts
    D:10: 409 daAuts
  Temple: 16 daAuts
